 Dungeon Crawl Stone Soup version 0.29-a0-322-g68df515428 (webtiles) character file.

Game seed: 3868416219962120785

425 GigaChad the Slasher (level 6, -23/48 HPs)
             Began as a Demonspawn Chaos Knight on Apr 8, 2022.
             Was a Plaything of Xom.
             Hit by a large rock thrown by a cyclops (34 damage)
             ... on level 7 of the Dungeon on Apr 10, 2022.
             The game lasted 00:10:29 (2343 turns).

GigaChad the Slasher (Demonspawn Chaos Knight)      Turns: 2343, Time: 00:10:29

Health: -23/48     AC: 11    Str: 13    XL:     6   Next: 64%
Magic:  0/6        EV:  6    Int: 19    God:    Xom [.*....]
Gold:   223        SH:  0    Dex: 14    Spells: 5/5 levels left

rFire   . . .      SeeInvis .   a - +0 falchion (chaos)
rCold   . . .      Faith    .   (no shield)
rNeg    . . .      Spirit   +   m - +0 chain mail
rPois   .          Reflect  .   (no helmet)
rElec   .          Harm     .   (no cloak)
rCorr   .          Rampage  .   (no gloves)
Will    .....                   (no boots)
Stlth   ..........              d - amulet of regeneration
HPRegen 0.96/turn               o - +6 ring of intelligence
MPRegen 0.20/turn               (no ring)

@: mighty
A: claws 1, slimy green scales 1, magic shield, magic regeneration
a: Renounce Religion


You were on level 7 of the Dungeon.
You worshipped Xom.
You were a plaything of Xom.
You visited 1 branch of the dungeon, and saw 5 of its levels.

You collected 223 gold pieces.

Inventory:

Hand Weapons
 a - a +0 falchion of chaos (weapon)
 j - a +0 short sword
 q - a +1 falchion of holy wrath
Armour
 b - a +2 leather armour
 g - a +0 ring mail
 m - a +0 chain mail (worn)
Jewellery
 d - an amulet of regeneration (around neck)
 o - a +6 ring of intelligence (left claw)
 r - a ring of poison resistance
Scrolls
 h - a scroll of enchant weapon {unknown}
 k - 5 scrolls of identify {unknown}
 n - 3 scrolls of magic mapping {unknown}
Potions
 e - 2 potions of brilliance {unknown}
 f - a potion of attraction {unknown}
 i - a potion of curing
 l - a potion of haste {unknown}
Miscellaneous
 c - a piece from Xom's chessboard (15/15) (quivered)


   Skills:
 + Level 4.1 Fighting
 + Level 4.7 Long Blades
 + Level 3.8 Armour
 + Level 1.9 Dodging
 + Level 1.0 Stealth


You had 5 spell levels left.
You didn't know any spells.
Your spell library contained the following spells:

 Spells                   Type           Power      Damage    Failure   Level
 Ensorcelled Hibernation  Hex/Ice        0%         N/A       100%        2
 Passwall                 Tmut/Erth      0%         N/A       100%        2
 Swiftness                Air            0%         N/A       100%        3


Dungeon Overview and Level Annotations

Branches:
Dungeon (7/15)
 Temple: D:4-7

Altars:
Xom

Shops:
D:1 :

Annotations:
D:2 Natasha
D:7 Joseph


Innate Abilities, Weirdness & Mutations

You have sharp fingernails.
You are partially covered in slimy green scales. (AC +2)
When hurt, damage is shared between your health and your magic reserves.
You regenerate magic rapidly.


Message History

You barely miss the hound. The hound bites you.
You slash the hound!
You feel better.
The hound is heavily wounded.
The hound bites you but does no damage. The hound bites you.
You barely miss the hound.
The hound is heavily wounded.
The hound bites you.
You slash the hound! Lightning courses through the hound!
You kill the hound!
You hear the slow hiss of an avalanche of sand very nearby.
You see here a hound corpse.
There is a stone staircase leading down here.
Found 4 poisoned darts.
Joseph, a Mercenary comes into view.
He is wielding a +0 quarterstaff.
Joseph shouts!
You hear a shout! x2
Joseph unwields a +0 quarterstaff.
Joseph wields a +0 hunting sling.
Joseph shoots a sling bullet.
The sling bullet barely misses you. Xom smiles on you.
You feel very mighty all of a sudden.
Joseph shoots a sling bullet.
The sling bullet hits you.
A gnoll shaman and a gnoll come into view.
The gnoll shaman shouts!
The gnoll shouts!
The gnoll shaman moves out of view.
A gnoll comes into view. It is wielding a +0 whip of distortion.
The gnoll shouts!
Joseph unwields a +0 hunting sling.
Joseph wields a +0 quarterstaff.
Joseph hits you with a +0 quarterstaff. The gnoll barely misses you.
Joseph unwields a +0 quarterstaff.
Joseph wields a +0 hunting sling.
Joseph shoots a sling bullet.
The sling bullet hits you!
Joseph shoots a sling bullet.
The sling bullet hits you.
Joseph shoots a sling bullet.
The sling bullet hits you!!
* * * LOW HITPOINT WARNING * * *
Joseph shoots a sling bullet.
The sling bullet hits you!
* * * LOW HITPOINT WARNING * * *
You see here 4 poisoned darts.
Joseph shoots a sling bullet.
The sling bullet closely misses you.
The cyclops throws a large rock.
The large rock hits you!!
Ouch! That really hurt!
You die...
Xom giggles madly!

.# #. . #
.####. ##.##
. .##......
##...##.#
#........
###.....#.
#.g...@..
#.........#
##.# #.....
#.###.##
#...####..g.#
#.@...(Cg#.#
#######.##.#
#.##C##
#.#...#######
..#.#.....>†.
###...#######
#####


You could see a cyclops, a gnoll shaman and a gnoll.

Vanquished Creatures
  A swamp drake (D:4)
  2 scorpions
  A hound (D:7)
  An iguana (D:4)
  Natasha (D:2)
  6 adders
  3 worms (D:3)
  3 dart slugs
  4 orcs (D:4)
  6 endoplasms
  5 giant cockroaches
  3 goblins
  3 hobgoblins
  7 jackals
  11 kobolds
  2 quokkas (D:1)
  6 ball pythons
  4 bats
  5 frilled lizards
  A rat (D:1)
75 creatures vanquished.

Vanquished Creatures (collateral kills)
  A frilled lizard (D:2)
  A rat (D:2)
2 creatures vanquished.

Vanquished Creatures (others)
  16 plants (D:4)
16 creatures vanquished.

Grand Total: 93 creatures vanquished

Notes
Turn   | Place    | Note
-------+----------+-------------------------------------------
     0 | D:1      | GigaChad the Demonspawn Chaos Knight began the quest for
                  | the Orb.
     0 | D:1      | Reached XP level 1. HP: 18/18 MP: 1/1
    53 | D:1      | XOM: divination: detect creatures
   150 | D:1      | XOM: enchant monster (good)
   219 | D:1      | Gained mutation: You regenerate magic rapidly. [demonic
                  | ancestry]
   219 | D:1      | Reached XP level 2. HP: 22/24 MP: 2/2
   236 | D:1      | Found Xappeviu's Book Shoppe.
   400 | D:1      | XOM: confuse monster(s)
   518 | D:1      | XOM: god gift: short sword {god gift}
   580 | D:1      | Gained mutation: You are partially covered in slimy green
                  | scales. (AC +2) [demonic ancestry]
   580 | D:1      | Reached XP level 3. HP: 29/29 MP: 3/3
   614 | D:1      | XOM: scenery: create altars
   748 | D:2      | Reached skill level 1 in Dodging
   868 | D:2      | Found a faded altar of an unknown god.
   903 | D:2      | XOM: smoke on damage
   904 | D:2      | Reached XP level 4. HP: 25/37 MP: 4/4
   957 | D:2      | Noticed Natasha
   976 | D:2      | XOM: summons friendly shadow imp
   980 | D:2      | Killed Natasha
   995 | D:2      | Noticed Natasha
  1155 | D:3      | Noticed a scorpion
  1155 | D:3      | XOM: enchant monster (bad)
  1169 | D:3      | Killed a scorpion
  1170 | D:3      | Gained mutation: When hurt, damage is shared between your
                  | health and your magic reserves. [demonic ancestry]
  1170 | D:3      | Reached XP level 5. HP: 16/42 MP: 5/5
  1546 | D:4      | XOM: stealth player
  1830 | D:4      | XOM: silly message
  1917 | D:4      | Noticed a swamp drake
  1917 | D:4      | a scorpion changed into a swamp drake
  1917 | D:4      | XOM: polymorph scorpion -> swamp drake
  1932 | D:4      | Killed a swamp drake
  1933 | D:4      | Reached skill level 1 in Stealth
  1933 | D:4      | Gained mutation: You have sharp fingernails. [demonic
                  | ancestry]
  1933 | D:4      | Reached XP level 6. HP: 41/48 MP: 3/6
  1962 | D:4      | HP: 2/48 [orc/+1 flail of holy wrath (5)]
  2135 | D:4      | XOM: 2-stop teleportation journey
  2260 | D:4      | You fall into a shaft and drop 3 floors!
  2260 | D:7      | Noticed a cyclops
  2275 | D:7      | XOM: butterfly on damage
  2326 | D:7      | Noticed Joseph
  2331 | D:7      | XOM: potion effect (might)
  2343 | D:7      | Hit by a large rock thrown by a cyclops

Illustrated notes

Levels and vault maps discovered:
D:1:      dpeg_arrival_boxorama, layout_basic, serial_shops,
          nicolae_shop_temple_entry_statues_fountains
D:2:      layout_rooms, shapermc_ecumenical_altar_starsandcircs,
          minmay_hedge_maze, uniq_natasha, uniq_crazy_yiuf_cottage
D:3:      layout_loops_corners, gammafunk_ghost_split
D:4:      layout_basic, serial_bayou_pond_c
D:7:      lemuel_ice_statue, layout_loops_ring, gup_ossuary_entry_pyramid,
          uniq_joseph

Skill      XL: |  1  2  3  4  5 |
---------------+----------------+-----
Long Blades    | 3 4 |  4.7
Armour         | 2 3 |  3.8
Dodging        | 1 |  1.9
Fighting       | 4 |  4.1
Stealth        | 1 |  1.0

Action                   |  1- 3 |  4- 6 || total
-------------------------+-------+-------++-------
Melee: Falchion          |   109 |   220 ||   329
       Punch             |       |     3 ||     3
  Use: Scroll            |       |     1 ||     1
       Potion            |       |     1 ||     1
 Stab: Confused          |     1 |       ||     1
       Paralysed         |     1 |       ||     1
Armor: Leather armour    |    19 |       ||    19
       Ring mail         |    75 |       ||    75
       Chain mail        |       |   146 ||   146
Dodge: Dodged            |   107 |    67 ||   174

Table legend: (Time is in decaauts)
 A = Elapsed time spent in this place.
 B = Non-inter-level travel time spent in this place.
 C = Inter-level travel time spent in this place.
 D = Time resting spent in this place.
 E = Time spent auto-exploring this place.
 F = Levels seen in this place.
 G = Mean time per level.
                   A        B        C        D        E       F      G
               +--------+--------+--------+--------+--------+-----+--------+
         Total |   2391 |   2372 |     19 |     94 |    136 |   5 |  478.2 |
       Dungeon |   2391 |   2372 |     19 |     94 |    136 |   5 |  478.2 |
               +--------+--------+--------+--------+--------+-----+--------+

Top non-repeatable levels by time:
     D:4: 726 daAuts
     D:1: 640 daAuts
     D:2: 528 daAuts
     D:3: 413 daAuts
     D:7: 82 daAuts
